 Dungeon Crawl Stone Soup version 0.30.1-9-gdf580d7c3d (webtiles) character file.

Game seed: 15362003027879938502

741534 Peloso the Minotaur Barricade (level 27, -11/245 HPs)
             Began as a Minotaur Fighter on Oct 21, 2023.
             Was the Champion of Okawaru.
             Killed from afar by a starcursed mass (20 damage)
             ... with an accursed screaming
             ... on level 4 of the Abyss on Oct 22, 2023.
             The game lasted 04:14:33 (93181 turns).

Peloso the Minotaur Barricade (Minotaur Fighter)   Turns: 93181, Time: 04:14:34

Health: -11/245    AC: 45    Str: 24 (25) XL:     27
Magic:  32/32      EV: 20    Int: 12      God:    Okawaru [******]
Gold:   7194       SH: 26    Dex: 31      Spells: 26/26 levels left

rFire   + + +        b - +12 falchion of the Absolute Madman {speed, Int-2 Dex+3 Stlth+}
rCold   + . .        d - +5 Storm Queen's Shield {shock, Fly rElec}
rNeg    + + +        g - +11 gold dragon scales
rPois   +            S - +2 hat of the Parsimonious God {rF+ rC+}
rElec   +            C - +1 cloak of Conscience {rCorr Int+5}
rCorr   +            o - +3 pair of gauntlets of War {Slay+5}
SInv    .            e - +1 pair of boots of the Comet {Will+ Int+6 Dex+3}
Will    +++..        V - amulet of regeneration Stlth
                     T - +4 ring of slaying
HPRegen 0.00/turn    Y - ring of Doabedi {Wiz rN+++ Dex+5 Slay-2}
MPRegen 0.23/turn

%: wizardry (x1)
@: sick, flying, studying Fighting
A: horns 2, retaliatory headbutt, talons 1, deformed body, deterioration 1,
dopey 1, fire resistance 1, frail 1, regeneration 1, (teleportitis 1), no potion
heal 2, cold vulnerability 1, subdued magic 2[+1]
}: 4/15 runes: barnacled, slimy, silver, gossamer
a: Renounce Religion, Heroism, Finesse, Duel


You were on level 4 of the Abyss.
You worshipped Okawaru.
Okawaru was exalted by your worship.
You visited 12 branches of the dungeon, and saw 54 of its levels.
You visited the Abyss 2 times.
You also visited: Ossuary and Ice Cave.

You collected 10942 gold pieces.
You spent 3748 gold pieces at shops.

Inventory:

Hand Weapons
 a - a +5 double sword of flaming
 b - the +12 falchion of the Absolute Madman (weapon) {speed, Int-2 Dex+3 Stlth+}
   (Okawaru gifted it to you on level 1 of the Elven Halls)

   Int:       It affects your intelligence (-2).
   Dex:       It affects your dexterity (+3).
   Stlth:     It makes you more stealthy.
 c - the +9 scimitar "Ruemp" {flame, rC+}
   (Okawaru gifted it to you on level 4 of the Abyss)

   rC:        It protects you from cold.
Armour
 d - the +5 Storm Queen's Shield (worn) {shock, Fly rElec}
   (You bought it in a shop on level 1 of the Orcish Mines)

   Shock:     When it blocks an attack, it may electrocute the attacker.
   This works even against foes who are a short distance away.
   rElec:     It insulates you from electricity.
   Fly:       It grants you flight.
 e - the +1 pair of boots of the Comet (worn) {Will+ Int+6 Dex+3}
   (Okawaru gifted it to you on level 1 of the Spider Nest)

   Int:       It affects your intelligence (+6).
   Dex:       It affects your dexterity (+3).
   Will:      It increases your willpower.
 g - +11 gold dragon scales (worn)
 o - the +3 pair of gauntlets of War (worn) {Slay+5}
   (You bought it in a shop on level 2 of the Orcish Mines)

   Slay:      It affects your accuracy & damage with ranged weapons and melee
   (+5).
 C - the +1 cloak of Conscience (worn) {rCorr Int+5}
   (You found it on level 5 of the Pits of Slime)

   Int:       It affects your intelligence (+5).
   rCorr:     It protects you from acid and corrosion.
 J - the +3 warlock's mirror {omnireflect}
   (You took it off a vault sentinel on level 5 of the Vaults)

   Omnireflect: It can block and reflect piercing ranged attacks and magical
   attacks against the wielder's willpower.
 S - the +2 hat of the Parsimonious God (worn) {rF+ rC+}
   (Okawaru gifted it to you on level 1 of the Orcish Mines)

   rF:        It protects you from fire.
   rC:        It protects you from cold.
Jewellery
 y - a ring of see invisible
 A - the ring "Saxt" {rF- rN+ Will++ AC+4 Int+3}
   (You took it off a deep elf death mage on level 1 of the Crypt)

   [ring of protection]

   AC:        It affects your AC (+4).
   Int:       It affects your intelligence (+3).
   rF:        It makes you vulnerable to fire.
   rN:        It protects you from negative energy.
   Will:      It greatly increases your willpower.
 I - the amulet of Ewudo {Reflect Rampage Regen+ Int+3 Dex-3 SH+5}
   (You found it on level 5 of the Pits of Slime)

   [amulet of reflection]

   It reflects blocked missile attacks.
   Int:       It affects your intelligence (+3).
   Dex:       It affects your dexterity (-3).
   Regen:     It increases your rate of health regeneration.
   SH:        It affects your SH (+5).
   Rampage:   It bestows one free step when moving towards enemies.
 M - the ring of Circularity {rElec rCorr EV+5 Str-5 Int+4}
   (You found it on level 5 of the Pits of Slime)

   [ring of evasion]

   EV:        It affects your evasion (+5).
   Str:       It affects your strength (-5).
   Int:       It affects your intelligence (+4).
   rElec:     It insulates you from electricity.
   rCorr:     It protects you from acid and corrosion.
 T - a +4 ring of slaying (left hand)
 V - an amulet of regeneration (around neck)
 Y - the ring of Doabedi (right hand) {Wiz rN+++ Dex+5 Slay-2}
   (You found it on level 3 of the Depths)

   [ring of wizardry]

   It improves your spell success rate.
   Dex:       It affects your dexterity (+5).
   Slay:      It affects your accuracy & damage with ranged weapons and melee
   (-2).
   rN:        It renders you almost immune to negative energy.
Wands
 G - a wand of digging (6)
Scrolls
 j - 10 scrolls of blinking
 k - 6 scrolls of fear
 l - 15 scrolls of immolation
 m - 38 scrolls of identify
 s - 12 scrolls of magic mapping
 F - 12 scrolls of teleportation
 H - 14 scrolls of poison
Potions
 f - 13 potions of might
 h - 3 potions of resistance
 i - 14 potions of flight
 n - 4 potions of berserk rage
 z - 17 potions of curing
 B - 9 potions of haste
 L - 4 potions of invisibility
 N - 8 potions of heal wounds


   Skills:
 O Level 27 Fighting
 O Level 27 Long Blades
 O Level 27 Armour
 + Level 17.3 Dodging
 + Level 12.4 Stealth
 O Level 27 Shields
 + Level 14.6 Invocations
 + Level 14.2 Evocations


You had 26 spell levels left.
You didn't know any spells.
Your spell library contained the following spells:

 Spells                   Type           Power      Damage    Failure   Level
 Foxfire                  Conj/Fire      0%         2x1d4     56%         1
 Kiss of Death            Conj/Necr      0%         2d5       56%         1
 Magic Dart               Conj           0%         1d3       56%         1
 Shock                    Conj/Air       0%         1d3       56%         1
 Slow                     Hex            0%         N/A       56%         1
 Cigotuvi's Dreadful Rot  Necr/Pois/Air  0%         N/A       71%         2
 Scorch                   Fire           0%         2d5       71%         2
 Searing Ray              Conj           0%         2d4       71%         2
 Sublimation of Blood     Necr           0%         N/A       71%         2
 Wereblood                Tmut           0%         N/A       71%         2
 Confusing Touch          Hex            0%         N/A       90%         3
 Dazzling Flash           Conj/Hex       0%         N/A       90%         3
 Frozen Ramparts          Ice            0%         1d1       90%         3
 Gell's Gravitas          Tloc           0%         N/A       90%         3
 Hailstorm                Conj/Ice       0%         3d3       90%         3
 Inner Flame              Hex/Fire       0%         N/A       90%         3
 Mephitic Cloud           Conj/Pois/Air  0%         N/A       90%         3
 Ozocubu's Armour         Ice            0%         N/A       90%         3
 Swiftness                Air            0%         N/A       90%         3
 Teleport Other           Tloc           0%         N/A       90%         3
 Vampiric Draining        Necr           0%         2d6       90%         3
 Vhi's Electric Charge    Tloc/Air       0%         N/A       90%         3
 Volatile Blastmotes      Fire/Tloc      0%         2d10      90%         3
 Airstrike                Air            0%         2d(0-16)  100%        4
 Cause Fear               Hex            0%         N/A       100%        4
 Dispel Undead            Necr           0%         3d6       100%        4
 Flame Wave               Conj/Fire      0%         2d4       100%        4
 Fulminant Prism          Conj/Hex       0%         3d5       100%        4
 Ice Form                 Ice/Tmut       0%         N/A       100%        4
 Iskenderun's Mystic Bla  Conj/Tloc      0%         2d3       100%        4
 Manifold Assault         Tloc           0%         N/A       100%        4
 Olgreb's Toxic Radiance  Pois           0%         N/A       100%        4
 Petrify                  Tmut/Erth      0%         N/A       100%        4
 Sticky Flame             Conj/Fire      0%         2d3       100%        4
 Agony                    Necr           0%         N/A       100%        5
 Alistair's Intoxication  Tmut/Pois      0%         N/A       100%        5
 Arcjolt                  Conj/Air       0%         1d10      100%        5
 Blade Hands              Tmut           0%         N/A       100%        5
 Borgnjor's Vile Clutch   Necr/Erth      0%         N/A       100%        5
 Fireball                 Conj/Fire      0%         3d3       100%        5
 Freezing Cloud           Conj/Ice/Air   0%         6-21      100%        5
 Irradiate                Conj/Tmut      0%         3d11      100%        5
 Metabolic Englaciation   Hex/Ice        0%         N/A       100%        5
 Silence                  Hex/Air        0%         N/A       100%        5
 Yara's Violent Unravell  Hex/Tmut       0%         3d3       100%        5
 Conjure Ball Lightning   Conj/Air       0%         3x3d6     100%        6
 Dispersal                Tloc           0%         N/A       100%        6
 Eringya's Noxious Bog    Tmut/Pois      0%         N/A       100%        6
 Iron Shot                Conj/Erth      0%         9d1       100%        6
 Plasma Beam              Fire/Air       0%         2x1d11    100%        6
 Starburst                Conj/Fire      0%         6d3       100%        6
 Statue Form              Tmut/Erth      0%         N/A       100%        6
 Dragon Form              Tmut           0%         N/A       100%        7
 Enfeeble                 Hex            0%         N/A       100%        7
 Ozocubu's Refrigeration  Ice            0%         4d7       100%        7
 Storm Form               Tmut/Air       0%         N/A       100%        7
 Borgnjor's Revivificati  Necr           0%         N/A       100%        8
 Discord                  Hex            0%         N/A       100%        8
 Disjunction              Tloc           0%         N/A       100%        8
 Maxwell's Capacitive Co  Air            0%         ∞         100%        8
 Necromutation            Tmut/Necr      0%         N/A       100%        8
 Death's Door             Necr           0%         N/A       100%        9
 Polar Vortex             Ice            0%         N/A       100%        9
 Call Imp                 Summ           Unusable   N/A       N/A         2
 Animate Armour           Summ/Erth      Unusable   N/A       N/A         4
 Animate Dead             Necr           Unusable   N/A       N/A         4
 Death Channel            Necr           Unusable   N/A       N/A         6
 Simulacrum               Ice/Necr       Unusable   N/A       N/A         6
 Summon Cactus Giant      Summ           Unusable   N/A       N/A         6
 Summon Hydra             Summ           Unusable   N/A       N/A         7
 Infestation              Necr           Unusable   N/A       N/A         8
 Dragon's Call            Summ           Unusable   N/A       N/A         9

Dungeon Overview and Level Annotations

Branches:
Dungeon (15/15)            Temple (0/1) D:5            Lair (5/5) D:8
 Shoals (4/4) Lair:3       Spider (4/4) Lair:2        Slime (5/5) Lair:5
    Orc (2/2) D:10            Elf (3/3) Orc:2        Vaults (5/5) D:13
  Crypt (3/3) Vaults:3       Tomb (0/3) Crypt:3      Depths (4/4) D:15
   Hell (visited)             Dis (0/7) Hell            Geh (0/7) Hell
    Coc (0/7) Hell            Tar (0/7) Hell            Zot (3/5) Depths:4
Ossuary (visited)           IceCv (visited)

Altars:
Ashenzari
Cheibriados
Elyvilon
Gozag
Kikubaaqudgha
Nemelex Xobeh
Okawaru
Qazlal
Ru
Sif Muna
Uskayaw
Vehumet
Wu Jian
Xom
Yredelemnul
Zin
Jiyva

Shops:
D:10 *   D:15 *   Orc:1 [   Orc:2 [(([   Elf:1 *   Elf:3 [   Vaults:1 [:((!
Vaults:3 ?[   Vaults:4 (   Vaults:5 (   Depths:3 (

Portals:
Hell: Depths:1 Depths:2 Depths:3 Depths:4
Abyss: Depths:1 Depths:2 Depths:3 Depths:4
Pandemonium: Depths:1 Depths:2
Ziggurat: Depths:2
Trove: D:14 (show abyssal rune of Zot)

Annotations:
D:5 exclusion: statue
Lair:1 Casa


Innate Abilities, Weirdness & Mutations

You have a pair of horns on your head.
You reflexively headbutt those who attack you in melee.
You have sharp toenails.
Armour fits poorly on your strangely shaped body.
Your body sometimes deteriorates upon taking damage.
You are dopey. (Int -2)
Your flesh is heat resistant. (rF+)
You are frail. (-10% HP)
Your natural rate of healing is unusually fast.
((You are occasionally teleported next to monsters.))
Potions cannot restore your health.
You are vulnerable to cold. (rC-)
[Your spells are much easier to cast, but much less powerful.]


Message History

The starcursed mass touches you but does no damage.
A tentacle flies out from the starspawn's body!
The ancient zyme barely misses you.
The ancient zyme hits you but does no damage.
The tentacled starspawn bites you!
The tentacled starspawn tentacle-slaps you but does no damage.
The starcursed mass touches you but does no damage.
A starspawn tentacle comes into view.
The starcursed mass touches you but does no damage.
The hellephant blinks!
A starcursed mass splits.
The tentacled starspawn bites you but does no damage.
The tentacled starspawn tentacle-slaps you but does no damage.
A starcursed mass splits.
The starcursed mass touches you but does no damage.
The ancient zyme hits you but does no damage.
The ancient zyme hits you.
You feel ill.
A starcursed mass splits.
The starcursed mass touches you but does no damage.
A cacophony of accursed wailing tears at your sanity!
* * * LOW HITPOINT WARNING * * *
You shrug off the repeated paralysis!
The starcursed mass touches you!
* * * LOW HITPOINT WARNING * * *
The hellephant blinks!
The tentacled starspawn bites you!!
* * * LOW HITPOINT WARNING * * *
The tentacled starspawn tentacle-slaps you.
* * * LOW HITPOINT WARNING * * *
The starcursed mass touches you but does no damage.
The ancient zyme hits you!
* * * LOW HITPOINT WARNING * * *
The ancient zyme hits you but does no damage.
A starcursed mass splits.
The starcursed mass touches you but does no damage.
A starcursed mass splits.
You can move again.
Unknown command.
You slice the tentacled starspawn!!
You destroy the tentacled starspawn!
Okawaru accepts your kill.
The starspawn's tentacles wither and die.
A cacophony of accursed wailing tears at your sanity!
You die... #. #.# # ... #..## . #.> #...# #. #... #...##⌠ ### #... #...#.##..#### #... #....3 .XYXX.# .. ###XXx#2XXXX.. ##. ###... #@XX# ...#.. .X 3. #.XXwGt.#

......#..
##..#X.*..#
. .....# .
.x#X*S....
... ##
...##. #
....# ...
...####. #.
...## #. .
##..# ##
#... . .. .
1#).# ... .
... . #.
...#


You could see a hellephant, 14 starcursed masses, a cacodemon, a tentacled
starspawn, 2 wretched stars, a great orb of eyes, a sun demon, an ancient zyme,
an apocalypse crab, a guardian serpent, a small abomination and a starspawn
tentacle.

Vanquished Creatures
  the Royal Jelly (Slime:5)
  5 dread liches
  2 ancient liches
  2 orbs of fire
  2 juggernauts
  2 Killer Klowns (Zot:3)
  The ghost of Heys the Conqueror, a veteran HOMo of Beogh (Depths:4)
  Bai Suzhen (Spider:4)
  2 curse toes
  Geryon (Hell)
  The ghost of Plog the Warrior, an adept DgCj (Depths:1)
  7 golden dragons
  A caustic shrike (Depths:2)
  2 bone dragons (Abyss:4)
  4 profane servitors
  A pearl dragon (Abyss:4)
  3 electric golems
  Zenata (Elf:1)
  An Ice Fiend (IceCv)
  A hellephant (Depths:1)
  21 tentacled monstrosities
  A Hell Sentinel (Abyss:2)
  Mlioglotl (Spider:3)
  Rupert (D:13)
  A shard shrike skeleton (Abyss:4)
  4 quicksilver dragons
  3 deep elf blademasters (Elf:3)
  7 titans
  10 liches
  15 acid blobs
  A deep elf master archer (Elf:3)
  11 ancient champions
  2 sphinxes
  4 Executioners
  23 tentacled starspawn
  2 krakens (Shoals:2)
  Gastronok (D:9)
  Kirke (Shoals:4)
  9 death cobs
  8 shadow dragons
  8 tengu reavers
  The ghost of Anuqaetage the Severer, an adept HOFi of Beogh (Spider:4)
  11 storm dragons
  Agnes (Spider:1)
  A daeva (Abyss:4)
  2 fire giants
  7 rockslimes
  9 azure jellies
  2 revenants
  The ghost of Zethet the Eclecticist, an adept DECj of Sif Muna (Spider:4)
  5 deep elf sorcerers
  5 ghost moths
  25 vault wardens
  7 frost giants
  4 draconian monks
  4 iron dragons
  A draconian knight (Zot:1)
  2 curse skulls
  5 emperor scorpions
  4 balrugs
  5 draconian scorchers
  Louise (Shoals:3)
  5 angels
  Aizul (Spider:4)
  An orc warlord (Vaults:1)
  A caustic shrike zombie (Hell)
  4 draconian shifters
  15 quicksilver oozes
  6 draconian stormcallers
  A rockslime zombie (Crypt:3)
  3 cacodemons
  15 stone giants
  The ghost of kalagan the Eclecticist, a journeyman DECj of Sif Muna (Elf:2)
  4 deep elf elementalists (Elf:3)
  6 spriggan defenders
  8 ghouls
  40 very ugly things
  A caustic shrike skeleton (Abyss:4)
  3 broodmothers
  20 ironbound preservers
  5 war gargoyles
  6 ironbound thunderhulks
  2 ophanim (Abyss:2)
  3 green draconians
  4 reapers
  8 black draconians
  11 deep elf demonologists
  Azrael (Spider:1)
  7 deep elf annihilators (Elf:3)
  7 vampire knights
  7 yellow draconians
  2 lorocyprocas (Abyss:4)
  3 purple draconians
  8 white draconians
  17 dire elephants
  6 red draconians
  12 spark wasps
  7 eidola
  6 merfolk javelineers
  Snorg (Lair:3)
  A crystal guardian (Vaults:2)
  2 blizzard demons
  10 deep elf death magi
  An ettin (shapeshifter) (Vaults:5)
  3 green deaths
  9 jiangshi
  6 ettins
  5 entropy weavers
  13 great orbs of eyes
  3 fire dragons
  A fire dragon (shapeshifter) (Zot:3)
  15 merfolk impalers
  16 yaktaur captains
  A mummy priest (Crypt:3)
  6 deep elf high priests
  7 ice dragons
  5 hydras
  4 ogre magi
  35 vault guards
  A caustic shrike simulacrum (IceCv)
  10 rakshasas
  A hell beast (Depths:2)
  A death knight (Crypt:1)
  2 peacekeepers
  7 merfolk avatars
  A spriggan air mage (Depths:3)
  14 centaur warriors
  3 radroaches
  4 jorogumos
  8 boulder beetles
  10 ironbound frosthearts
  4 merfolk aquamancers
  3 alligator snapping turtles
  4 catoblepae
  4 satyrs
  8 two-headed ogres
  32 dancing weapons
  6 deep troll shamans
  10 hell hogs
  6 death scarabs (Spider:4)
  8 deep troll earth magi
  Urug (D:11)
  33 thrashing horrors
  A naga warrior (Abyss:4)
  9 orc high priests
  A spectral dire elephant (Lair:5)
  10 vampire magi
  6 hell knights
  9 tengu warriors
  21 death yaks
  17 deep elf knights
  5 soul eaters
  6 spriggan berserkers
  7 iron trolls
  5 spriggans
  A salamander mystic (Depths:2)
  7 sixfirhies
  10 pharaoh ants
  13 skeletal warriors
  21 wretched stars
  A spatial maelstrom (Abyss:4)
  12 sun demons
  A spectral death yak (Lair:5)
  6 skysharks
  4 flayed ghosts
  2 spark wasp zombies (Hell)
  A storm dragon skeleton (Crypt:1)
  A sun moth (Spider:3)
  9 orb spiders
  The ghost of elbjorno the Tainter, a novice SpVM of Kikubaaqudgha (D:9)
  A shadow demon (Depths:1)
  A spectral anaconda (Lair:5)
  8 spriggan simulacra (IceCv)
  49 deep trolls
  18 sea snakes
  7 glowing orange brains
  A glowing orange brain (shapeshifter) (D:13)
  An anaconda zombie (Hell)
  2 obsidian statues
  A sea snake (shapeshifter) (Depths:4)
  A death drake (Abyss:4)
  93 slime creatures
  3 bog bodies
  A golden dragon skeleton (Crypt:3)
  12 necromancers
  A spectral jorogumo (Spider:4)
  9 steelbarb worms
  2 wolf spider zombies (Spider:4)
  10 deep elf archers
  27 ironbound convokers
  6 lindwurms
  16 phantasmal warriors
  11 orc knights
  12 harpies
  2 iron dragon zombies (Hell)
  10 wizards
  22 deep elf pyromancers
  A broodmother zombie (Spider:4)
  A spectral wolf spider (Spider:4)
  40 deep elf zephyrmancers
  A sphinx zombie (Hell)
  28 ugly things
  33 wolf spiders
  An orc sorcerer (Elf:1)
  12 fauns
  3 fire giant zombies (Hell)
  36 moths of wrath
  18 manticores
  3 frost giant zombies (Hell)
  A sphinx skeleton (Crypt:2)
  11 cyclopes
  An eleionoma zombie (Crypt:3)
  11 worldbinders
  A will-o-the-wisp (Abyss:2)
  2 stone giant zombies (Hell)
  A goliath frog skeleton (Crypt:1)
  8 shining eyes
  2 black mambas
  A guardian serpent (shapeshifter) (Vaults:1)
  8 rust devils
  5 salamanders
  27 vault sentinels
  8 elephants
  A water nymph (shapeshifter) (Vaults:4)
  5 eyes of devastation
  A spectral iron troll (Crypt:2)
  7 water nymphs
  8 merfolk sirens
  2 apocalypse crabs
  An eye of devastation (shapeshifter) (Elf:3)
  4 molten gargoyles
  6 torpor snails
  A guardian serpent (Abyss:4)
  2 dire elephant skeletons (Lair:5)
  14 cane toads
  26 smoke demons
  A gargoyle (D:12)
  11 demonic crawlers
  8 orange demons
  2 spectral redbacks (Spider:4)
  An alligator snapping turtle skeleton (Crypt:3)
  5 unseen horrors
  A centaur skeleton (Hell)
  15 komodo dragons
  Psyche (D:11)
  4 kobold demonologists
  A yaktaur (shapeshifter) (Vaults:5)
  3 tormentors
  13 yaktaurs
  4 efreet
  A sea snake zombie (Hell)
  11 freezing wraiths
  3 tengu conjurers
  10 guardian mummies
  17 ice devils
  13 rime drakes
  A spriggan zombie (Hell)
  2 harpy zombies
  22 ancient zymes
  A catoblepas skeleton (Crypt:2)
  8 trolls
  2 spectral deep trolls (Crypt:2)
  2 hydra zombies (Hell)
  26 merfolk
  5 anaconda simulacra
  A sea snake skeleton (Hell)
  A golden dragon simulacrum (IceCv)
  2 red devils
  2 queen bees
  10 meliai
  7 hellwings
  3 polar bears
  29 tarantellas
  14 hornets
  4 spectral tarantellas (Spider:4)
  6 wind drakes
  2 tarantella zombies (Spider:4)
  3 yaktaur skeletons (Vaults:4)
  12 blink frogs
  A harpy skeleton (Hell)
  30 raiju
  A spectral jumping spider (Spider:4)
  2 culicivora zombies (Spider:4)
  4 jumping spider zombies (Spider:4)
  A spectral culicivora (Spider:4)
  A hydra skeleton (Hell)
  A spectral elephant (Lair:5)
  2 meliai zombies
  9 dream sheep
  25 jumping spiders
  8 snapping turtles
  A stone giant simulacrum (Abyss:4)
  An alligator zombie (Hell)
  2 ettin skeletons (Hell)
  22 culicivoras
  A spriggan (shapeshifter) (Elf:2)
  2 air elementals
  A black mamba zombie (Crypt:3)
  2 shadows (Abyss:4)
  A vampire (D:13)
  11 wraiths
  An alligator skeleton (Hell)
  A fire dragon skeleton (Crypt:2)
  10 flying skulls
  Sigmund (D:6)
  56 yaks
  6 basilisks
  55 large abominations
  21 water elementals
  2 slime creature zombies
  12 wyverns
  9 ynoxinuls
  A hog (shapeshifter) (D:13)
  10 fire bats
  5 fire elementals
  5 humans (Shoals:4)
  2 steam dragons (Lair:3)
  11 golden eyes
  12 chaos spawn
  10 minotaur simulacra (IceCv)
  37 redbacks
  14 neqoxecs
  4 vampire mosquitoes (D:14)
  2 wind drake skeletons (Crypt:3)
  A death yak simulacrum (Lair:5)
  A glowing shapeshifter zombie (Crypt:1)
  A spectral cane toad (Lair:5)
  2 harpy simulacra (IceCv)
  4 wargs
  3 acid dragons
  2 nagas (Abyss:4)
  17 water moccasins
  A hydra simulacrum (IceCv)
  A faun skeleton (Crypt:2)
  9 hell hounds
  39 orc warriors
  A cane toad zombie (Crypt:1)
  4 ice beasts
  2 ettin simulacra
  3 elephant zombies (Lair:5)
  A snapping turtle zombie (Crypt:1)
  3 alligator simulacra
  3 black bears
  13 wolves
  7 ogres
  A centaur (shapeshifter) (Vaults:5)
  4 elephant skeletons
  5 centaurs
  3 phantoms
  2 elf zombies (Ossuary)
  5 kobold brigands
  6 bullfrogs
  A gnoll sergeant (D:8)
  A rime drake skeleton (Crypt:2)
  3 necrophages
  4 scorpions
  A wyvern zombie (Crypt:1)
  4 deep troll simulacra (IceCv)
  An earth elemental (Abyss:4)
  A wyvern skeleton (Crypt:1)
  3 cane toad simulacra (Lair:5)
  A queen bee zombie (Crypt:1)
  17 wights
  45 killer bees
  A polar bear zombie (Crypt:1)
  A killer bee (shapeshifter) (Zot:3)
  A lindwurm simulacrum (IceCv)
  2 howler monkeys (D:5)
  6 electric eels
  31 small abominations
  5 centaur zombies
  6 quasits
  A lava snake (D:14)
  2 jellies
  6 hounds
  34 orc priests
  109 starcursed masses
  2 human zombies (Ossuary)
  2 iron imps
  16 orc wizards
  9 iguanas
  10 hell rats
  A sky beast zombie (Crypt:3)
  2 mummies (Ossuary)
  Robin (D:2)
  9 gnolls
  A steam dragon zombie (Crypt:1)
  5 adders
  3 shadow imps
  4 white imps
  3 ufetubi
  2 adder zombies (Ossuary)
  A worm (D:2)
  A dart slug (D:2)
  89 orcs
  10 endoplasms
  6 giant cockroaches
  17 goblins
  4 hobgoblins
  A hobgoblin (shapeshifter) (Vaults:5)
  27 kobolds
  4 quokkas
  4 ball pythons
  A ball python skeleton (Crypt:3)
  7 bats
  4 frilled lizards
  A goblin zombie (Ossuary)
  9 hobgoblin zombies (Ossuary)
  9 kobold zombies (Ossuary)
  8 orc zombies (Ossuary)
  5 rats
  3 lurking horrors (Abyss:4)
  11 starspawn tentacles
  4 tentacles (Shoals:2)
3149 creatures vanquished.

Vanquished Creatures (others)
  A merfolk javelineer (Shoals:4)
  An ironbound frostheart (Vaults:1)
  A deep elf zephyrmancer (Elf:1)
  A manticore (Shoals:4)
  A shining eye (shapeshifter) (D:13)
  A small abomination (Abyss:4)
  4 golden eyes (Abyss:4)
  A fire bat (Abyss:2)
  A redback (Spider:3)
  A killer bee (Lair:3)
  A jelly (Abyss:4)
  A kobold (D:8)
  2 foxfires (Abyss:2)
  5 lurking horrors
  48 starspawn tentacles
  9 tentacles (Shoals:2)
79 creatures vanquished.

Grand Total: 3228 creatures vanquished

Notes
Turn   | Place    | Note
-------+----------+-------------------------------------------
     0 | D:1      | Peloso the Minotaur Fighter began the quest for the Orb.
     0 | D:1      | Reached XP level 1. HP: 19/19 MP: 0/0
   143 | D:1      | Reached XP level 2. HP: 25/27 MP: 1/1
   412 | D:1      | Found a faded altar of an unknown god.
   436 | D:1      | Reached XP level 3. HP: 33/33 MP: 2/2
   699 | D:2      | Noticed Robin
   722 | D:2      | Killed Robin
   787 | D:2      | Reached XP level 4. HP: 25/40 MP: 3/3
  1408 | D:3      | Found a snail-covered altar of Cheibriados.
  1746 | D:3      | Noticed a scorpion
  1755 | D:3      | Killed a scorpion
  1756 | D:3      | Reached skill level 5 in Armour
  1756 | D:3      | Reached XP level 5. HP: 29/47 MP: 4/4
  2413 | D:4      | Reached skill level 5 in Long Blades
  2527 | D:4      | Found an iron altar of Okawaru.
  2550 | D:4      | Became a worshipper of Warmaster Okawaru
  2812 | D:4      | Reached XP level 6. HP: 52/53 MP: 5/5
  3157 | D:5      | Entered Level 5 of the Dungeon
  3460 | D:5      | Reached * piety under Okawaru
  3467 | D:5      | Reached skill level 5 in Shields
  3467 | D:5      | Reached XP level 7. HP: 29/60 MP: 6/6
  3669 | D:4      | Reached skill level 5 in Fighting
  3968 | D:5      | Found a radiant altar of Vehumet.
  4433 | D:5      | Found a broken altar of Ashenzari.
  4644 | D:5      | Found a staircase to the Ecumenical Temple.
  5443 | D:6      | Reached XP level 8. HP: 68/68 MP: 7/7
  5463 | D:6      | Reached ** piety under Okawaru
  5686 | D:6      | Noticed Sigmund
  5692 | D:6      | Killed Sigmund
  5715 | D:6      | Reached skill level 1 in Dodging
  6241 | D:6      | Reached *** piety under Okawaru
  6410 | D:7      | Reached XP level 9. HP: 24/75 MP: 5/8
  6441 | D:7      | Reached skill level 10 in Long Blades
  6484 | D:7      | Found a sand-covered staircase.
  6617 | Ossuary  | Entered an ossuary
  7335 | D:7      | Found a hide-covered altar of Uskayaw.
  7814 | D:7      | Found a white marble altar of Elyvilon.
  8093 | D:8      | Reached **** piety under Okawaru
  8532 | D:8      | Found an ornate altar of the Wu Jian Council.
  8541 | D:8      | Found a sacrificial altar of Ru.
  8638 | D:8      | Noticed a two-headed ogre
  8645 | D:8      | Killed a two-headed ogre
  8646 | D:8      | Reached XP level 10. HP: 88/88 MP: 6/9
  8671 | D:8      | Reached skill level 10 in Armour
  9132 | D:8      | Found a staircase to the Lair.
  9487 | D:9      | Noticed a boulder beetle
  9534 | D:9      | Killed a boulder beetle
  9721 | D:9      | Reached skill level 1 in Evocations
  9725 | D:9      | Reached ***** piety under Okawaru
  9922 | D:9      | Found an ancient bone altar of Kikubaaqudgha.
  9969 | D:9      | Found a runed translucent gate.
  9969 | D:9      | Found a runed translucent gate.
  9980 | D:9      | Noticed elbjorno's ghost (novice SpVM)
  9981 | D:9      | Found a runed translucent gate.
  9981 | D:9      | Noticed a nine-headed hydra
  9990 | D:9      | Reached skill level 1 in Invocations
 10128 | D:9      | Reached XP level 11. HP: 87/97 MP: 10/10
 10312 | D:9      | Found a glowing silver altar of Zin.
 10428 | D:9      | Noticed Gastronok
 10445 | D:9      | Killed Gastronok
 10445 | D:9      | Identified the +9 quick blade of Gusom {elec, Str+7}
                  | (Okawaru gifted it to you on level 9 of the Dungeon)
 10445 | D:9      | Received a gift from Okawaru
 10693 | D:10     | Entered Level 10 of the Dungeon
 10758 | D:10     | Found a stormy altar of Qazlal.
 11114 | D:10     | Found a staircase to the Orcish Mines.
 11139 | D:10     | HP: 2/97 [orc priest/divine providence (13)]
 11520 | D:10     | Found Qiarhau's General Store.
 11569 | D:10     | Found a transporter.
 11582 | D:10     | Found a transporter.
 11590 | D:10     | Found a transporter.
 11592 | D:10     | Found a transporter.
 11920 | D:11     | Noticed Psyche
 11924 | D:11     | Killed Psyche
 11947 | D:11     | Noticed Urug
 11957 | D:11     | Killed Urug
 11958 | D:11     | Reached skill level 10 in Shields
 12533 | D:11     | Found a sacrificial altar of Ru.
 12644 | Lair:1   | Entered Level 1 of the Lair of Beasts
 13246 | Lair:1   | Reached skill level 10 in Fighting
 13732 | Lair:2   | Noticed a death yak
 13733 | Lair:2   | Noticed a death yak
 13733 | Lair:2   | Noticed a death yak
 13733 | Lair:2   | Noticed a death yak
 13733 | Lair:2   | Noticed a death yak
 13750 | Lair:1   | Killed a death yak
 13847 | Lair:2   | Noticed a death yak
 13865 | Lair:1   | Killed a death yak
 13865 | Lair:1   | Received a gift from Okawaru
 13866 | Lair:1   | Reached XP level 12. HP: 45/107 MP: 12/12
 14055 | Lair:1   | Killed a death yak
 14069 | Lair:1   | Killed a death yak
 14090 | Lair:1   | Killed a death yak
 14338 | Lair:2   | Killed a death yak
 14444 | Lair:2   | Noticed a five-headed hydra
 14454 | Lair:2   | Killed a one-headed hydra
 14970 | Lair:2   | Found a hole to the Spider Nest.
 15712 | Lair:3   | Reached skill level 1 in Stealth
 15752 | Lair:3   | Noticed Snorg
 15765 | Lair:3   | Killed Snorg
 15765 | Lair:3   | Identified the +1 steam dragon scales of Inaction {rPois
                  | Str+5 Dex-4} (Okawaru gifted it to you on level 3 of the
                  | Lair of Beasts)
 15765 | Lair:3   | Received a gift from Okawaru
 15885 | Lair:3   | Noticed a four-headed hydra
 15885 | Lair:3   | Noticed a death yak
 15885 | Lair:3   | Noticed a death yak
 15885 | Lair:3   | Noticed a death yak
 15902 | Lair:3   | Killed a one-headed hydra
 15919 | Lair:3   | Killed a death yak
 16326 | Lair:3   | Noticed a boulder beetle
 16385 | Lair:3   | Killed a boulder beetle
 16386 | Lair:3   | Reached XP level 13. HP: 61/118 MP: 13/13
 16975 | Lair:3   | Reached skill level 15 in Long Blades
 18418 | Lair:3   | Identified the staff of poison "Voovid" {rPois rN+ Int+4}
 18691 | D:9      | Killed elbjorno's ghost
 20579 | Orc:1    | Entered Level 1 of the Orcish Mines
 21072 | Orc:1    | Identified the +2 hat of the Parsimonious God {rF+ rC+}
                  | (Okawaru gifted it to you on level 1 of the Orcish Mines)
 21072 | Orc:1    | Received a gift from Okawaru
 21243 | Orc:1    | Found Voduomar's Antique Armour Shop.
 21515 | Orc:2    | Entered Level 2 of the Orcish Mines
 22129 | Orc:1    | Reached skill level 15 in Shields
 22142 | Orc:2    | Reached XP level 14. HP: 94/127 MP: 14/14
 22523 | Orc:2    | Reached skill level 15 in Armour
 23087 | Orc:2    | Found a staircase to the Elven Halls.
 23255 | Orc:2    | Found Dumowuma's Antique Weapon Boutique.
 23256 | Orc:2    | Found Faostrani's Antique Weapon Shop.
 23256 | Orc:2    | Found Xufiduhero's Armour Boutique.
 23257 | Orc:2    | Found Yczuunai's Armour Boutique.
 23274 | Orc:2    | Bought the +3 pair of gauntlets of War {Slay+5} for 570
                  | gold pieces
 23274 | Orc:2    | Found the +3 pair of gauntlets of War {Slay+5}
 23532 | D:13     | Noticed Rupert
 23537 | D:13     | Paralysed by Rupert for 2 turns
 23544 | D:13     | Killed Rupert
 24576 | D:13     | Found a gate to the Vaults.
 25379 | Lair:4   | Received a gift from Okawaru
 26351 | Lair:5   | Entered Level 5 of the Lair of Beasts
 26603 | Lair:5   | Reached skill level 5 in Dodging
 27096 | Lair:5   | Reached XP level 15. HP: 122/139 MP: 15/15
 27269 | Lair:5   | Found a staircase to the Slime Pits.
 27269 | Lair:5   | Found a viscous altar of Jiyva.
 27435 | Lair:5   | Reached ****** piety under Okawaru
 27483 | Lair:5   | Identified the +0 ring mail "Zusipt" {Dex+3} (Okawaru
                  | gifted it to you on level 5 of the Lair of Beasts)
 27483 | Lair:5   | Received a gift from Okawaru
 27534 | Lair:5   | Identified the ring of Fykhluovi {rN+ MP+9 Str-2 Int+6}
 27640 | Lair:5   | Reached skill level 15 in Fighting
 29128 | D:14     | Found a portal to a secret trove of treasure.
 29904 | D:14     | Found the +4 skin of Zhor {*Englaciate rC+++ SInv}
 30404 | D:13     | Identified the +8 chain mail "Bomupn" {Int+3} (Okawaru
                  | gifted it to you on level 13 of the Dungeon)
 30404 | D:13     | Received a gift from Okawaru
 30649 | D:15     | Entered Level 15 of the Dungeon
 30758 | D:15     | Found a staircase to the Depths.
 31010 | D:15     | Found Gozag's Platinum Reserve.
 31010 | D:15     | Found an opulent altar of Gozag.
 31289 | D:15     | Reached XP level 16. HP: 116/151 MP: 17/17
 32396 | Orc:1    | Bought the +5 Storm Queen's Shield {shock, Fly rElec} for
                  | 1231 gold pieces
 32396 | Orc:1    | Found the +5 Storm Queen's Shield {shock, Fly rElec}
 32484 | D:10     | Bought a +0 plate armour of willpower for 450 gold pieces
 32611 | Shoals:1 | Entered Level 1 of the Shoals
 33075 | Shoals:1 | Found a runed translucent door.
 33547 | Shoals:1 | Received a gift from Okawaru
 34326 | Shoals:2 | Noticed a kraken
 34356 | Shoals:2 | Killed a kraken
 34706 | Shoals:2 | Noticed a kraken
 34720 | Shoals:2 | Killed a kraken
 35990 | Shoals:3 | Noticed Louise
 36012 | Shoals:3 | Killed Louise
 36012 | Shoals:3 | Identified the +2 robe of the Echidna {rF+ rC+ rN+
                  | Archmagi} (Okawaru gifted it to you on level 3 of the
                  | Shoals)
 36012 | Shoals:3 | Received a gift from Okawaru
 36385 | Shoals:3 | Reached XP level 17. HP: 105/161 MP: 18/18
 36828 | Shoals:4 | Entered Level 4 of the Shoals
 37485 | Shoals:4 | Got a barnacled rune of Zot
 38772 | Shoals:4 | Received a gift from Okawaru
 39996 | Shoals:4 | Noticed Kirke
 40022 | Shoals:4 | Killed Kirke
 40160 | Shoals:4 | Identified the staff of death "Gieq" {rF+ rN+ Will+ Dex-2
                  | SInv}
 40854 | Spider:1 | Entered Level 1 of the Spider Nest
 40864 | Spider:1 | Noticed Agnes
 40872 | Spider:1 | Killed Agnes
 40952 | Spider:1 | Found a frozen archway.
 40961 | Spider:1 | Identified the +1 pair of boots of the Comet {Will+ Int+6
                  | Dex+3} (Okawaru gifted it to you on level 1 of the Spider
                  | Nest)
 40961 | Spider:1 | Received a gift from Okawaru
 41125 | IceCv    | Entered an ice cave
 41538 | IceCv    | Noticed an Ice Fiend
 41560 | IceCv    | Killed an Ice Fiend
 41811 | IceCv    | Got the Parchment of the Glacier
 41812 | IceCv    | Identified the staff of poison "Wapiw" {rPois rF- rN+ Str+3
                  | Dex+2}
 41840 | IceCv    | Found the +4 robe of Folly {Brill Will-∞ Int+8}
 42169 | Spider:1 | Noticed Azrael
 42201 | Spider:1 | Killed Azrael
 42218 | Spider:1 | Reached XP level 18. HP: 86/172 MP: 19/19
 43566 | Spider:2 | Identified the +7 giant club "Iroosene" {holy, rF+ Will++}
 43570 | Spider:2 | Identified the +8 scimitar "Nuxaysasa" {pain, rF+ rCorr
                  | Str+3} (Okawaru gifted it to you on level 2 of the Spider
                  | Nest)
 43570 | Spider:2 | Received a gift from Okawaru
 43961 | Spider:2 | Identified the +1 trident of the Holding Gods {speed,
                  | Dex+2}
 44896 | Spider:3 | Received a gift from Okawaru
 45120 | Spider:3 | Identified the +8 rapier "Uwookedd" {flame, rPois rF- rN+++
                  | MP-9}
 45829 | Spider:3 | Noticed Mlioglotl
 45843 | Spider:3 | Killed Mlioglotl
 46252 | Elf:1    | Entered Level 1 of the Elven Halls
 46369 | Elf:1    | Noticed Zenata
 46387 | Elf:1    | Killed Zenata
 46695 | Elf:1    | Identified the +12 falchion of the Absolute Madman {speed,
                  | Int-2 Dex+3 Stlth+} (Okawaru gifted it to you on level 1 of
                  | the Elven Halls)
 46695 | Elf:1    | Received a gift from Okawaru
 47102 | Elf:1    | Reached XP level 19. HP: 183/183 MP: 20/20
 47131 | Elf:1    | Identified the +5 glaive of Ugisibiw {heavy, *Noise Will+
                  | Str+6 Dex-4}
 47662 | Elf:1    | Found Roeset's Assorted Antiques.
 48005 | Elf:2    | Received a gift from Okawaru
 48303 | Elf:2    | Found a runed translucent door.
 48303 | Elf:2    | Noticed kalagan's ghost (journeyman DECj)
 48379 | Elf:2    | Found a shimmering blue altar of Sif Muna.
 48474 | Elf:2    | Found a runed translucent gate.
 48474 | Elf:2    | Found a runed translucent gate.
 48475 | Elf:2    | Found a runed translucent gate.
 48693 | Elf:2    | Killed kalagan's ghost
 48794 | Elf:3    | Entered Level 3 of the Elven Halls
 48843 | Elf:3    | Found Eddyqale's Antique Armour Boutique.
 48857 | Elf:3    | Bought a distressingly furry chain mail for 180 gold pieces
 48857 | Elf:3    | Identified the +1 chain mail of the Endless Ships {rElec
                  | Int+3 Dex+2} (You bought it in a shop on level 3 of the
                  | Elven Halls)
 48871 | Elf:3    | Paralysed by an air elemental for 1 turns
 49079 | Elf:3    | Noticed a Brimstone Fiend
 49159 | Elf:3    | Identified the +1 ring mail "Bailo" {Contam Str-4 Int+2
                  | Dex+9} (Okawaru gifted it to you on level 3 of the Elven
                  | Halls)
 49159 | Elf:3    | Received a gift from Okawaru
 49262 | Elf:3    | Identified the +1 spear "Hidurairo" {freeze, Int+5}
 49509 | Elf:3    | Got the Vellum of Icy Vicissitude
 51316 | Elf:3    | Identified the staff of fire "Emounut" {rElec rF+ Str+3
                  | Dex+5 Stlth-}
 51370 | Elf:3    | Got the Teachings on Flammable Contamination
 51373 | Elf:3    | Got Roxanne's Secrets of Altered Topomancy
 52016 | Spider:4 | Entered Level 4 of the Spider Nest
 52193 | Spider:4 | Noticed Bai Suzhen
 52230 | Spider:4 | Killed Bai Suzhen
 52231 | Spider:4 | Reached XP level 20. HP: 186/193 MP: 21/21
 52309 | Spider:4 | Found a runed translucent gate.
 52652 | Spider:4 | Found a runed translucent gate.
 52653 | Spider:4 | Found a runed translucent gate.
 52654 | Spider:4 | Noticed Zethet's ghost (adept DECj)
 52654 | Spider:4 | Noticed Anuqaetage's ghost (adept HOFi)
 52657 | Spider:4 | Noticed Aizul
 52657 | Spider:4 | Found the macabre finger necklace {Finger+ rN+}
 52668 | Spider:4 | Killed Aizul
 52911 | Spider:4 | Received a gift from Okawaru
 53293 | Spider:4 | Identified the +3 trident "Isox" {freeze, rN+++ Int-5 SInv}
 53568 | Spider:4 | Got a gossamer rune of Zot
 53988 | Spider:4 | Killed Anuqaetage's ghost
 53990 | Spider:4 | Killed Zethet's ghost
 54899 | Vaults:1 | Entered Level 1 of the Vaults
 54940 | Vaults:1 | Received a gift from Okawaru
 55022 | Vaults:1 | Found Lenn's Distillery.
 55497 | Vaults:1 | Bought a potion of might for 68 gold pieces
 55505 | Vaults:1 | Identified the +0 robe of Vevolug {rN+}
 55909 | Vaults:1 | Found Xatz's Antique Weapon Shop.
 55928 | Vaults:1 | Found Wonosh's Weapon Shop.
 56656 | Vaults:1 | Found Xeliebi's Book Boutique.
 56656 | Vaults:1 | Found Ciaxubed's Antique Armour Shoppe.
 56713 | Vaults:1 | Received a gift from Okawaru
 57208 | Vaults:2 | Reached XP level 21. HP: 197/204 MP: 22/22
 57453 | Vaults:2 | Reached skill level 27 in Shields
 57485 | Vaults:2 | Identified the +1 buckler "Bofim" {rN+++}
 58360 | Vaults:3 | Found a staircase to the Crypt.
 58482 | Vaults:3 | Received a gift from Okawaru
 58879 | Vaults:3 | Identified the +0 scale mail of Nien {*Corrode Drain rPois
                  | Dex+4} (Okawaru gifted it to you on level 3 of the Vaults)
 58879 | Vaults:3 | Received a gift from Okawaru
 59146 | Vaults:3 | Found Ibewnan's Magic Scroll Boutique.
 59150 | Vaults:3 | Found Bisovvay's Armour Emporium.
 59154 | Vaults:3 | Bought a scroll of acquirement for 780 gold pieces
 59158 | Vaults:3 | Bought the +3 pair of mountain boots {steadfast, rC+} for
                  | 469 gold pieces
 59158 | Vaults:3 | Found the +3 pair of mountain boots {steadfast, rC+}
 60737 | Vaults:4 | Found a huge runed gate.
 60737 | Vaults:4 | Found a huge runed gate.
 60737 | Vaults:4 | Found a huge runed gate.
 60742 | Vaults:4 | Found a huge runed gate.
 60742 | Vaults:4 | Found a huge runed gate.
 60742 | Vaults:4 | Found a huge runed gate.
 60743 | Vaults:4 | Found a huge runed gate.
 60743 | Vaults:4 | Found a huge runed gate.
 60743 | Vaults:4 | Found a huge runed gate.
 60743 | Vaults:4 | Found a huge runed gate.
 61461 | Vaults:4 | Identified the +2 falchion of Duty {freeze, rF- rN+ rCorr
                  | Str+2} (Okawaru gifted it to you on level 4 of the Vaults)
 61461 | Vaults:4 | Received a gift from Okawaru
 62107 | Vaults:4 | Found Pyunlir's Weapon Shop.
 62122 | Vaults:4 | Reached XP level 22. HP: 198/215 MP: 23/23
 62156 | Vaults:4 | Reached XP level 23. HP: 223/223 MP: 24/24
 62160 | Vaults:4 | Reached XP level 24. HP: 233/233 MP: 24/24
 62676 | Vaults:4 | Acquired 709 gold pieces
 62762 | Vaults:5 | Entered Level 5 of the Vaults
 62784 | Vaults:4 | Identified the +0 robe "Gybul" {Harm Str+5} (Okawaru gifted
                  | it to you on level 4 of the Vaults)
 62784 | Vaults:4 | Received a gift from Okawaru
 63986 | Vaults:4 | Acquired 810 gold pieces
 64001 | Vaults:5 | Identified the +1 robe of Tender Moments {*Corrode rElec
                  | Str+8}
 64953 | Vaults:5 | Identified the +1 short sword of Tender Mercy {flame, rF+
                  | rN+}
 64963 | Vaults:4 | Identified the +5 tower shield "Muinofra" {+Inv rN++ Will-
                  | rCorr Dex-2} (Okawaru gifted it to you on level 4 of the
                  | Vaults)
 64963 | Vaults:4 | Received a gift from Okawaru
 65135 | Vaults:5 | Identified the +9 quarterstaff "Zemifo" {protect, rElec
                  | Dex+3}
 65731 | Vaults:5 | Identified the staff of earth "Exesk" {Dex+5 Stlth+}
 65732 | Vaults:5 | Identified the +0 ring mail "Ynkeishe" {rElec Will+ Int+2}
 65823 | Vaults:5 | Identified the +1 pair of gloves of Midsummer {rElec rC-
                  | Str+2 Slay+3}
 65829 | Vaults:5 | Identified the staff of conjuration "Sudghohu" {Int+4
                  | Stlth+}
 65911 | Vaults:5 | Got a silver rune of Zot
 66305 | Vaults:5 | Found Wugankas's Antique Weapon Shoppe.
 68533 | Crypt:1  | Entered Level 1 of the Crypt
 68717 | Crypt:1  | Found the +5 Lochaber axe {reach-cleave, Poleaxe Drain}
 68746 | Crypt:1  | Noticed a dread lich
 68756 | Crypt:1  | Found a transporter.
 68756 | Crypt:1  | Found a transporter.
 68756 | Crypt:1  | Identified the ring "Saxt" {rF- rN+ Will++ AC+4 Int+3}
 69388 | Crypt:1  | Killed a dread lich
 69389 | Crypt:1  | Reached XP level 25. HP: 153/249 MP: 24/24
 69608 | Crypt:1  | Identified the +3 tower shield of the Summoning Gods
                  | {Rampage Str+3 Dex+2 SInv} (Okawaru gifted it to you on
                  | level 1 of the Crypt)
 69608 | Crypt:1  | Received a gift from Okawaru
 70946 | Crypt:3  | Entered Level 3 of the Crypt
 71403 | Crypt:3  | Found a staircase to the Tomb.
 71610 | Crypt:3  | Noticed a dread lich
 72065 | Crypt:2  | Found a basalt altar of Yredelemnul.
 72357 | Crypt:3  | Killed a dread lich
 72366 | Crypt:3  | Noticed an ancient lich
 72512 | Crypt:3  | Killed an ancient lich
 72512 | Crypt:3  | Received a gift from Okawaru
 72521 | Crypt:3  | Got the Reference Book on Abominable Liturgies
 72527 | Crypt:3  | Identified the +4 scale mail "Vuucusk" {rC+ Str+2}
 72529 | Crypt:3  | Identified the staff of cold "Ennaj" {Fragile rC+ rN++}
 72902 | Depths:1 | Entered Level 1 of the Depths
 72925 | Depths:1 | Found a gateway to Hell.
 72933 | Depths:1 | Found a transporter.
 73272 | Depths:1 | Found a sparkling altar of Nemelex Xobeh.
 73295 | Depths:1 | Found a sparkling altar of Nemelex Xobeh.
 73358 | Depths:1 | Found a transporter.
 73555 | Depths:1 | Found a one-way gate to the infinite horrors of the Abyss.
 73555 | Depths:1 | Noticed a dread lich
 73555 | Depths:1 | Noticed Plog's ghost (adept DgCj)
 73748 | Depths:1 | Found a one-way gate leading to the halls of Pandemonium.
 74183 | Depths:2 | Identified the +2 pair of boots of Creativity {rF+ rC+}
                  | (Okawaru gifted it to you on level 2 of the Depths)
 74183 | Depths:2 | Received a gift from Okawaru
 74212 | Depths:2 | Reached skill level 27 in Fighting
 74531 | Depths:2 | Reached skill level 5 in Stealth
 74544 | Depths:2 | Noticed a juggernaut
 74562 | Depths:2 | Killed a juggernaut
 74776 | Depths:2 | Reached skill level 27 in Long Blades
 74837 | Depths:2 | Reached XP level 26. HP: 233/266 MP: 24/24
 75149 | Depths:2 | Noticed an ancient lich
 75150 | Depths:2 | Found a one-way gateway to a ziggurat.
 75173 | Depths:2 | Killed an ancient lich
 75174 | Depths:2 | Reached skill level 10 in Dodging
 76121 | Depths:3 | Identified the ring of Doabedi {Wiz rN+++ Dex+5 Slay-2}
 76248 | Depths:3 | You fall into a shaft and drop 1 floor!
 76248 | Depths:4 | Entered Level 4 of the Depths
 76254 | Depths:4 | Found a gate to the Realm of Zot.
 76255 | Depths:4 | Identified the +2 pair of gloves of the Vacuum {rC+ Will+}
 76283 | Depths:4 | Identified the +9 plate armour "Teihuh" {+Inv rF+ Dex+5
                  | Stlth-} (Okawaru gifted it to you on level 4 of the Depths)
 76283 | Depths:4 | Received a gift from Okawaru
 76776 | Depths:4 | Found a runed translucent door.
 76777 | Depths:4 | Noticed Heys's ghost (veteran HOMo)
 76814 | Depths:4 | Noticed a juggernaut
 76841 | Depths:4 | Killed a juggernaut
 77269 | Depths:3 | Found Muzu's Antique Weapon Emporium.
 78513 | Depths:3 | Identified the staff of earth "Rirphax" {Str+2}
 79051 | Depths:4 | Killed Heys's ghost
 79518 | Depths:1 | Paralysed by accursed screaming for 2 turns
 79720 | Depths:1 | Paralysed by accursed screaming for 1 turns
 79850 | Depths:1 | Paralysed by accursed screaming for 1 turns
 79859 | Depths:1 | Paralysed by accursed screaming for 1 turns
 79867 | Depths:1 | Paralysed by accursed screaming for 2 turns
 79882 | Depths:1 | Killed Plog's ghost
 80069 | Depths:1 | Killed a dread lich
 80810 | Hell     | Entered the Vestibule of Hell
 80811 | Hell     | Noticed Geryon
 80848 | Hell     | Killed Geryon
 80880 | Hell     | Identified the +0 plate armour of Valiance {rElec rC+
                  | Str-4} (Okawaru gifted it to you in the Vestibule of Hell)
 80880 | Hell     | Received a gift from Okawaru
 81487 | Hell     | Found a gateway to the ashen valley of Gehenna.
 81513 | Hell     | Reached XP level 27. HP: 258/273 MP: 25/25
 81521 | Hell     | Reached skill level 5 in Invocations
 81553 | Hell     | Found a gateway to the decaying netherworld of Tartarus.
 81669 | Hell     | Found a gateway to the Iron City of Dis.
 81755 | Hell     | Found a gateway to the freezing wastes of Cocytus.
 82496 | Zot:1    | Entered Level 1 of the Realm of Zot
 82566 | Zot:1    | Reached skill level 27 in Armour
 82566 | Zot:1    | Reached skill level 5 in Evocations
 83184 | Zot:1    | Identified the +0 scale mail of Xom's Whim {Contam rPois
                  | rCorr}
 83714 | Zot:2    | Received a gift from Okawaru
 83889 | Zot:2    | Noticed an orb of fire
 83902 | Zot:2    | Killed an orb of fire
 84818 | Zot:3    | Found a glowing silver altar of Zin.
 84818 | Zot:3    | Found a shimmering altar of Xom.
 84818 | Zot:3    | Found a shimmering altar of Xom.
 84833 | Zot:3    | Found a shimmering altar of Xom.
 84833 | Zot:3    | Found a shimmering altar of Xom.
 84835 | Zot:3    | Found a shimmering altar of Xom.
 84904 | Zot:3    | Noticed an orb of fire
 84908 | Zot:3    | Gained mutation: You are frail. (-10% HP) [an orb of fire]
 84916 | Zot:3    | Gained mutation: You have sharp toenails. [an orb of fire]
 84918 | Zot:3    | Gained mutation: You are very frail. (-20% HP) [an orb of
                  | fire]
 84919 | Zot:3    | Killed an orb of fire
 84920 | Zot:3    | Reached skill level 15 in Dodging
 86223 | Slime:1  | Entered Level 1 of the Pits of Slime
 86368 | Slime:2  | Reached skill level 10 in Evocations
 86386 | Slime:2  | Identified the +3 scimitar of Jomaug {flame, rN+ Dex-5
                  | Stlth+} (Okawaru gifted it to you on level 2 of the Pits of
                  | Slime)
 86386 | Slime:2  | Received a gift from Okawaru
 86670 | Slime:4  | Reached skill level 10 in Invocations
 86691 | Slime:5  | Entered Level 5 of the Pits of Slime
 86697 | Slime:5  | Gained mutation: You are clumsy. (Dex -2) [a shining eye]
 86699 | Slime:5  | Gained mutation: Potions are less effective at restoring
                  | your health. [a shining eye]
 86736 | Slime:5  | Gained mutation: Your natural rate of healing is unusually
                  | fast. [a shining eye]
 87055 | Slime:5  | Noticed the Royal Jelly
 87788 | Slime:5  | Found a viscous altar of Jiyva.
 87814 | Slime:5  | Found the ring of the Tortoise {AC+8}
 87892 | Slime:5  | Gained mutation: Your magical capacity is low. (-10% MP) [a
                  | shining eye]
 87924 | Slime:5  | Killed the Royal Jelly
 88099 | Slime:5  | Identified the +7 chain mail "Ukhajo" {rF+ Dex+4}
 88132 | Slime:5  | Identified the +1 cloak of Conscience {rCorr Int+5}
 88145 | Slime:5  | Got a slimy rune of Zot
 88146 | Slime:5  | Identified the amulet of Ewudo {Reflect Rampage Regen+
                  | Int+3 Dex-3 SH+5}
 88172 | Slime:5  | Identified the ring of Circularity {rElec rCorr EV+5 Str-5
                  | Int+4}
 88236 | Slime:5  | Identified the +7 battleaxe of Slime {freeze, +Blink rF+
                  | Str+2 Dex-2}
 88254 | Slime:5  | Identified the staff of death "Pariv" {rPois rN+}
 88890 | Lair:1   | Lost mutation: Your magical capacity is low. (-10% MP)
                  | [potion of mutation]
 88890 | Lair:1   | Lost mutation: You are clumsy. (Dex -2) [potion of
                  | mutation]
 88890 | Lair:1   | Lost mutation: You are very frail. (-20% HP) [potion of
                  | mutation]
 88890 | Lair:1   | Gained mutation: You heal very quickly. [potion of
                  | mutation]
 88890 | Lair:1   | Gained mutation: Your flesh is heat resistant. (rF+)
                  | [potion of mutation]
 89210 | Depths:4 | Voluntarily entered the Abyss.
 89679 | Abyss:2  | Received a gift from Okawaru
 89980 | Abyss:2  | Gained mutation: Your body sometimes deteriorates upon
                  | taking damage. [a neqoxec]
 90325 | Abyss:4  | Paralysed by accursed screaming for 2 turns
 90518 | Abyss:4  | Identified the +9 scimitar "Ruemp" {flame, rC+} (Okawaru
                  | gifted it to you on level 4 of the Abyss)
 90518 | Abyss:4  | Received a gift from Okawaru
 90579 | Abyss:4  | Paralysed by accursed screaming for 2 turns
 90590 | Abyss:4  | Noticed a dread lich
 90639 | Abyss:4  | Killed a dread lich
 90671 | Abyss:4  | HP: 12/245 [caustic shrike zombie (14)]
 90675 | Depths:4 | Escaped the Abyss
 90677 | Depths:4 | HP: 2/245 [starcursed mass (5)]
 91065 | Depths:4 | Voluntarily entered the Abyss.
 91066 | Abyss:4  | Found a corrupted altar of Lugonu.
 91128 | Abyss:4  | Found a corrupted altar of Lugonu.
 91273 | Abyss:4  | Gained mutation: Potions cannot restore your health. [a
                  | neqoxec]
 91446 | Abyss:4  | Paralysed by accursed screaming for 1 turns
 91452 | Abyss:4  | Paralysed by accursed screaming for 1 turns
 91459 | Abyss:4  | Paralysed by accursed screaming for 1 turns
 91487 | Abyss:4  | Found a corrupted altar of Lugonu.
 91519 | Abyss:4  | Reached skill level 10 in Stealth
 91644 | Abyss:4  | Identified the +0 plate armour of the Cockatrice {rElec
                  | Will+ Dex+4} (Okawaru gifted it to you on level 4 of the
                  | Abyss)
 91644 | Abyss:4  | Received a gift from Okawaru
 91815 | Abyss:4  | Paralysed by accursed screaming for 1 turns
 91855 | Abyss:4  | Gained mutation: Armour fits poorly on your strangely
                  | shaped body. [a neqoxec]
 91872 | Abyss:4  | Gained mutation: [Your spells are a little easier to cast,
                  | but a little less powerful.] [a neqoxec]
 92003 | Abyss:4  | Paralysed by you for 5 turns
 92173 | Abyss:4  | HP: 12/245 [smoke demon/divine providence (12)]
 92346 | Abyss:4  | Noticed a dread lich
 92373 | Abyss:4  | Killed a dread lich
 92408 | Abyss:4  | Paralysed by accursed screaming for 1 turns
 92482 | Abyss:4  | Paralysed by accursed screaming for 1 turns
 92494 | Abyss:4  | Paralysed by accursed screaming for 1 turns
 92530 | Abyss:4  | Found a corrupted altar of Lugonu.
 92531 | Abyss:4  | Found a corrupted altar of Lugonu.
 92556 | Abyss:4  | Gained mutation: You are dopey. (Int -2) [a neqoxec]
 92557 | Abyss:4  | Lost mutation: You heal very quickly. [a neqoxec]
 92672 | Abyss:4  | Gained mutation: You are occasionally teleported next to
                  | monsters. [a neqoxec]
 92912 | Abyss:4  | Paralysed by accursed screaming for 1 turns
 92954 | Abyss:4  | Gained mutation: You are vulnerable to cold. (rC-) [a
                  | shining eye]
 93116 | Abyss:4  | Received a gift from Okawaru
 93121 | Abyss:4  | Gained mutation: [Your spells are easier to cast, but less
                  | powerful.] [a cacodemon]
 93178 | Abyss:4  | Paralysed by accursed screaming for 2 turns
 93180 | Abyss:4  | HP: 9/245 [ancient zyme (10)]
 93181 | Abyss:4  | Killed from afar by a starcursed mass

Illustrated notes

Levels and vault maps discovered:
D:1:      lordsloth_arrival_two_stooges, layout_basic,
          shapermc_ecumenical_altar_totnotflames
D:2:      layout_loops_ring, uniq_robin
D:3:      layout_basic, mainiacjoe_overflow_brackets
D:4:      layout_cave_pods, mainiacjoe_overflow_small_starburst,
          kennysheep_generic_room_10
D:5:      layout_layer_cave, vehumet_statue, lemuel_round_altar,
          minmay_temple_entry_sparse_star
D:6:      layout_loops_ring, kennysheep_generic_room_4, uniq_sigmund
D:7:      layout_basic, mainiacjoe_overflow_alcove_2, lemuel_tele_altar,
          chequers_ossuary_entry_cave, eino_tiny_chamber,
          kennysheep_generic_room_5
D:8:      layout_basic, nicolae_overflow_squiral, minmay_lair_entry_grove
D:9:      layout_long_grid, mainiacjoe_overflow_concentric_impassable,
          zin_academy, gammafunk_ghost_hydra_chop, nzn_sisyphean_effort,
          uniq_gastronok
D:10:     layout_cave_pools, lemuel_round_altar, erik_orc_4, serial_shops, shop,
          nicolae_transporter_circle
D:11:     layout_irregular_city, nicolae_ru_the_path_less_chosen, uniq_psyche,
          uniq_urug
D:12:     layout_cave_pods, minivault_7
D:13:     layout_loops_corners, david_vaults_1, minivault_12, uniq_rupert
D:14:     layout_long_grid, nicolae_trove_entry_path_of_doom, kennysheep_path_1,
          hellmonk_guarded_unrand_zhor
D:15:     grunt_enter_depths_snipers, layout_basic,
          nicolae_gozag_zags_fifth_avenue
Lair:1:   layout_gridlike, grunt_megastairs_1
Lair:2:   layout_cave_pods, nicolae_spider_entry_orb_guardian,
          grunt_megastairs_3
Lair:3:   regret_index_combs_of_tragedy, layout_layer_cave,
          nicolae_shoals_entry_flooding, kennysheep_catoblepas_arena,
          infiniplex_staircase_pool_2, uniq_snorg
Lair:4:   layout_hall_layers, infiniplex_staircase_pool, serial_bayou_shore_a,
          lemuel_fruit_tree, lemuel_fruit_fields
Lair:5:   due_jungle_book, layout_gridlike, slime_entry_1
Shoals:1: layout_shoals, lightli_airlock
Shoals:2: layout_shoals, nicolae_shoals_so_close
Shoals:3: cheibrodos_shoals_oceanic_diplomacy, layout_shoals, uniq_louise
Shoals:4: shoals_end_grunt_ice, layout_shoals, uniq_kirke
Spider:1: layout_spider_delve, portal_ice_cave_entry_frozen_things, uniq_agnes,
          uniq_azrael
Spider:2: layout_cave_pods
Spider:3: layout_spider_delve, nicolae_spider_jagged_tunnels,
          hangedman_spider_tarantella_strand, uniq_mlioglotl
Spider:4: floodkiller_spider_rune_tomb, gammafunk_ghost_cemetery,
          nicolae_spider_claw_tunnel, uniq_aizul, uniq_bai_suzhen
Slime:1:  layout_caves, nicolae_slime_phagocytosis
Slime:2:  layout_caves
Slime:3:  layout_caves
Slime:4:  layout_caves
Slime:5
Orc:1:    layout_diamond_mine, basic_altar, special_room [special_room_orc],
          serial_shops, shop
Orc:2:    st_orc_pillars, layout_diamond_mine, basic_altar
Elf:1:    nicolae_elf_arrival_no_cutting_in_line, layout_loops_corners,
          serial_shops, nicolae_shop_competitors_out_of_business,
          hangedman_elven_crosses_minicolossus, hellmonk_bongcloud_opening,
          nicolae_elf_variegated_diamond, uniq_zenata
Elf:2:    elven_hall_of_blades_hangedman_original [mumra_blade_entry_dagger],
          layout_loops_corners, basic_altar, gammafunk_ghost_grave
Elf:3:    minmay_elf_hall_not_hex, layout_geoelf_castle, serial_shops,
          shop_fountains, nicolae_elf_glass_and_crystal_pillar_2
Vaults:1: nicolae_vaults_tangram_1, nicolae_vaults_storage_closets_2,
          vaults_mumra_chevron, nicolae_vaults_closet_pinwheel_4,
          nicolae_vaults_yaktaur_gun_rack, dpeg_vaults_pockets_of_resistance,
          v_pattern_1, nicolae_vaults_prndl, hangedman_vaults_locks,
          nicolae_vaults_offset_grid_hallway_3,
          nicolae_vaults_closet_pinwheel_5, nicolae_vaults_circle_grid_b,
          vaults_dpeg_doors, layout_vaults_maze_snakey, serial_shops, shop,
          shop, shop, nicolae_shop_bloodbath_and_beyond, shop
Vaults:2: nicolae_vaults_frosty_reception, vaults_standard_mumra_x, st_lines,
          vaults_dpeg_diagonal, nicolae_vaults_sealed_display,
          vaults_room_hallway, layout_vaults_omnigrid
Vaults:3: nicolae_vaults_trapezoid_4, nicolae_vaults_border_crossing,
          ontoclasm_vaults_gateway, hangedman_vaults_trim,
          nicolae_vaults_steering_wheel, nicolae_vaults_tangram_2, v_pattern_5,
          vaults_room_large_hall, nicolae_vaults_octothorpe,
          nicolae_vaults_storage_closets_1, nicolae_vaults_apartment_1,
          nicolae_vaults_tangram_2, nicolae_vaults_tetromino_Z_1,
          layout_vaults_chaotic_city, serial_shops, shop,
          nicolae_shop_tiny_waterfront
Vaults:4: nicolae_vaults_wrenched, v_alt_pattern_3, nicolae_vaults_network_s,
          v_misc_19, v_alt_pattern_2, nicolae_vaults_alarming,
          nicolae_vaults_oval_intersection, door_vault, nicolae_vaults_heist,
          nicolae_vaults_little_ls, vaults_room_pools,
          nicolae_vaults_taking_the_gang_shopping,
          nicolae_vaults_trapezoid_lopsided_4, layout_vaults_omnibox
Vaults:5
Crypt:1:  gammafunk_the_bubble [the_bubble_gammafunk_plus_minus],
          layout_chaotic_city, grunt_ministairs_15
Crypt:2:  layout_gridlike, skrybe_necro_troll_2, lemuel_upstairs_altar
Crypt:3:  david_glass_crypt, layout_misc_corridors, tomb_entry_sphere_bobbens
Depths:1: layout_cave_pools, rand_demon_pan_entry_9, lemuel_doored_altar,
          gammafunk_ghost_abyssal_escape, hell_entry, drop_trap,
          nemelex_lonely_heart_becter, serial_bayou_shore_b
Depths:2: minmay_glassy_protrusions, layout_cave_shapes, enter_ziggurat_d,
          kennysheep_cluttered_room, nicolae_hell_entry_hellmouth_sunbeams,
          rand_demon_pan_entry_7, abyss_entry
Depths:3: minmay_the_grid_four_pointed_star
          [minmay_the_grid_triangle_9x9_impossible_snake,
          minmay_the_grid_triangle_9x9_stretched_checkered,
          minmay_the_grid_triangle_9x9_steps,
          minmay_the_grid_triangle_9x9_descending_squares,
          minmay_the_grid_prize_trominoes], layout_cave_pools, abyss_entry,
          serial_shops, nicolae_shop_stone, pf_dread_powers_of_hell,
          minmay_misc_feat_tower, minmay_staircase_bubble
Depths:4: evilmike_zot_entry_argh, layout_cave_pools,
          hellmonk_ghost_happy_afterlife, nrook_mini_backslash, abyss_entry,
          hell_entry
Hell
Zot:1:    layout_gridlike, grunt_ministairs_9
Zot:2:    layout_onion
Zot:3:    dreamdust_zin_vs_xom, layout_cathedral_of_symmetry, zot_minivault_1,
          grunt_megastairs_4
Abyss:4:  base: D:11, base: Lair:4, hangedman_decor_points, base: Lair:1, base:
          Spider:1, hangedman_abyss_sting, evilmike_abyss_exit_plants,
          evilmike_abyss_exit_13, gammafunk_abyss_exit_x_factor,
          hangedman_abyss_sting, hangedman_decor_lopped,
          grunt_abyss_rune_forest_and_sorcery, hangedman_decor_lopped,
          minivault_23, nicolae_abyss_rune_star_stuff, minivault_23,
          nicolae_abyss_rune_star_stuff, spicy_abyss_unhelpful_harpoons

Skill      XL: |  1  2  3  4  5  6  7  8  9 10 11 12 13 14 15 16 17 18 19 20 21 22 23 24 25 26 27 |
---------------+----------------------------------------------------------------------------------+-----
Armour         | 4 5 7 8 9 11 12 13 14 15 16 17 18 19 20 22 23 26 27 | 27.0
Long Blades    | 3 4 5 6 7 9 11 12 13 14 15 16 17 18 19 20 21 23 25 27 | 27.0
Shields        | 4 5 6 7 9 10 12 15 16 18 20 21 23 25 26 27 | 27.0
Fighting       | 4 5 6 7 9 10 12 14 15 17 18 19 20 21 22 23 25 27 | 27.0
Dodging        | 1 2 3 5 6 7 8 9 12 17 | 17.3
Evocations     | 1 2 3 4 14 | 14.2
Invocations    | 1 2 3 4 14 | 14.6
Stealth        | 1 2 3 4 5 6 12 | 12.4

Action                     |  1- 3 |  4- 6 |  7- 9 | 10-12 | 13-15 | 16-18 | 19-21 | 22-24 | 25-27 || total
---------------------------+-------+-------+-------+-------+-------+-------+-------+-------+-------++-------
  Melee: Long sword        |    84 |   155 |   424 |   800 |   267 |       |       |       |       ||  1730
         Headbutt          |    10 |    32 |    89 |   214 |   347 |   387 |   530 |   277 |  1943 ||  3829
         Scimitar          |       |       |       |       |  1022 |       |       |       |       ||  1022
         Double sword      |       |       |       |       |    66 |  1238 |       |       |       ||  1304
         Falchion          |       |       |       |       |       |    16 |  1500 |   712 |  4651 ||  6879
 Invoke: Heroism           |       |       |     4 |    15 |    16 |     8 |     2 |     1 |    11 ||    57
  Evoke: Wand              |       |       |     2 |     9 |     1 |     6 |     4 |       |    12 ||    34
    Use: Potion            |     3 |       |     2 |     2 |     4 |     5 |       |     8 |    14 ||    38
         Scroll            |     1 |     4 |    16 |     7 |     6 |     3 |     5 |     8 |    19 ||    69
   Stab: Distracted        |       |     1 |       |       |       |     1 |       |       |     1 ||     3
         Confused          |       |       |       |       |       |       |       |       |     2 ||     2
         Invisible         |       |       |       |       |       |       |       |       |     4 ||     4
 Armour: Scale mail        |    19 |       |       |       |       |       |       |       |       ||    19
         Plate armour      |    38 |   106 |   243 |   353 |   343 |   499 |   243 |   134 |   308 ||  2267
         Chain mail        |       |       |       |       |   353 |     3 |       |       |       ||   356
         Gold dragon scale |       |       |       |       |       |       |       |       |   869 ||   869
         Storm dragon scal |       |       |       |       |       |       |       |       |    32 ||    32
  Dodge: Dodged            |    38 |    36 |   111 |   183 |   508 |   354 |   211 |   131 |  1255 ||  2827
  Block: Buckler           |    24 |    39 |   124 |   371 |  1077 |     7 |       |       |       ||  1642
         Reflection        |       |       |     1 |     9 |    36 |    86 |   109 |    38 |    17 ||   296
         Kite shield       |       |       |       |       |       |  1718 |  1138 |   535 |  2910 ||  6301
         Tower shield      |       |       |       |       |       |       |       |   120 |  1347 ||  1467
